 Dungeon Crawl Stone Soup version 0.27-a0-1612-gde56a17b89 (webtiles) character file.

Game seed: 8544623249074273165

4445 lunkers the Covert (level 10, -5/74 HPs)
             Began as a Vampire Delver on July 21, 2021.
             Was an Initiate of Gozag.
             Slain by a gnoll shaman (7 damage)
             ... on level 7 of the Dungeon.
             The game lasted 00:16:30 (7551 turns).

lunkers the Covert (Vampire Delver)                 Turns: 7551, Time: 00:16:31

Health: -5/74      AC:  6    Str: 12    XL:     10   Next: 15%
Magic:  10/10      EV: 14    Int: 14    God:    Gozag
Gold:   587        SH:  0    Dex: 17    Spells: 2/9 levels left

rFire    . . .     SeeInvis +   b - +8 war axe of the Slime-mould {elec, rElec rCorr Stlth+}
rCold    . . .     Faith    .   (no shield)
rNeg     . . .     Spirit   .   B - +2 leather armour {rPois}
rPois    +         Reflect  .   (no helmet)
rElec    +         Harm     .   v - +0 cloak
rCorr    +         Rampage  .   (no gloves)
Will     +....                  (no boots)
Stlth    ++++++....             i - amulet of the acrobat
HPRegen  0.42/turn              (no ring)
MPRegen  0.12/turn              (no ring)

@: gold aura, healing quickly, studying Bows
A: alive, fangs 3, see invisible, vampiric 2
a: Exsanguinate, Renounce Religion, Potion Petition, Call Merchant, Bribe Branch


You were on level 7 of the Dungeon.
You worshipped Gozag.
Gozag was pleased with you.
You visited 2 branches of the dungeon, and saw 8 of its levels.
You also visited: Sewer.

You collected 808 gold pieces.
You spent 153 gold pieces at shops.
You paid 68 gold pieces to Gozag.

Inventory:

Hand Weapons
 a - a +2 dagger of venom
 b - the +8 war axe of the Slime-mould (weapon) {elec, rElec rCorr Stlth+}
   (You found it on level 4 of the Dungeon)

   It occasionally discharges a powerful burst of electricity upon striking a
   foe.
   rElec:     It insulates you from electricity.
   rCorr:     It protects you from acid and corrosion.
   Stlth:     It makes you more stealthy.
 o - a +0 rapier
 t - a +0 short sword
Armour
 v - a +0 cloak (worn)
 y - a +1 leather armour
 B - a +2 leather armour of poison resistance (worn)
Jewellery
 i - an amulet of the acrobat (around neck)
 D - a +6 ring of intelligence
Wands
 e - a wand of paralysis (14)
 g - a wand of digging (3)
 w - a wand of flame (9)
 E - a wand of iceblast (3)
Scrolls
 c - 3 scrolls of fog
 d - 3 scrolls of magic mapping
 k - 2 scrolls of enchant armour
 s - 5 scrolls of teleportation
Potions
 f - 2 potions of haste
 l - 5 potions of curing
 m - a potion of mutation
 p - 4 potions of flight
 q - a potion of ambrosia
 r - 2 potions of lignification
 u - a potion of attraction
 x - a potion of resistance
 z - a potion of heal wounds {unknown}
 A - 2 potions of berserk rage


   Skills:
 + Level 5.4 Fighting
 - Level 6.5 Short Blades
 * Level 6.6 Axes
 + Level 6.1 Dodging
 + Level 13.0 Stealth
 - Level 7.0 Hexes


You had 2 spell levels left.
You knew the following spells:

 Your Spells              Type           Power      Damage    Failure   Level
b - Tukima's Dance        Hex            19%        N/A       6%          3
c - Cause Fear            Hex            9%         N/A       21%         4

Your spell library contained the following spells:

 Spells                   Type           Power      Damage    Failure   Level
 Foxfire                  Conj/Fire      0%         2x1d4     36%         1
 Magic Dart               Conj           0%         1d3       36%         1
 Searing Ray              Conj           0%         3d3       50%         2
 Dazzling Flash           Conj/Hex       18%        N/A       26%         3
 Inner Flame              Hex/Fire       9%         N/A       26%         3
 Fulminant Prism          Conj/Hex       4%         3d6       65%         4
 Conjure Flame            Conj/Fire      0%         6-21      73%         3
 Ignite Poison            Fire/Tmut/Pois 0%         N/A       73%         3
 Silence                  Hex/Air        4%         N/A       94%         5
 Yara's Violent Unravell  Hex/Tmut       4%         3d4       94%         5
 Passage of Golubria      Tloc           N/A        N/A       98%         4
 Agony                    Necr           0%         N/A       100%        5
 Discord                  Hex            9%         N/A       100%        8
 Maxwell's Capacitive Co  Air            0%         ∞         100%        8


Dungeon Overview and Level Annotations

Branches:
Dungeon (7/15)             Temple (1/1) D:5           Sewer (visited)

Altars:
Ashenzari
Cheibriados
Dithmenos
Elyvilon
Fedhas
Gozag
Hepliaklqana
Nemelex Xobeh
Qazlal
Trog
Uskayaw
Vehumet
Wu Jian
Xom
Yredelemnul
Zin
The Shining One

Shops:
D:3 *


Innate Abilities, Weirdness & Mutations

Your natural rate of healing is accelerated.
You have razor-sharp teeth.
You have supernaturally acute eyesight. (SInv)
You are afflicted with vampirism and can become a bat while bloodless.


Message History

You now have 587 gold pieces (gained 5).
Things that are here:
a +0 hand axe; a +0 leather armour A gnoll shaman and a two-headed ogre come into view.
There are monsters nearby!
There are monsters nearby!
The helpless two-headed ogre fails to defend itself.
You slash the two-headed ogre!
Lightning courses through the two-headed ogre!
The two-headed ogre is moderately wounded.
The two-headed ogre misses you.
The two-headed ogre hits you with a +0 giant club.
You slash the two-headed ogre! You bite the two-headed ogre.
The two-headed ogre is heavily wounded.
The two-headed ogre closely misses you. x2
You barely miss the two-headed ogre.
The two-headed ogre is heavily wounded.
The two-headed ogre hits you with a +0 giant spiked club!
The two-headed ogre closely misses you.
You hit the two-headed ogre but do no damage.
Lightning courses through the two-headed ogre!
The two-headed ogre is severely wounded.
The two-headed ogre closely misses you.
The two-headed ogre hits you with a +0 giant club!!
* * * LOW HITPOINT WARNING * * *
You slash the two-headed ogre!
The two-headed ogre is almost dead.
The two-headed ogre hits you with a +0 giant spiked club!!
* * * LOW HITPOINT WARNING * * *
The two-headed ogre hits you but does no damage.
You slash the two-headed ogre!
You kill the two-headed ogre!
Your Dodging skill increases to level 6!
Your Stealth skill increases to level 13!
You have reached level 10!
You feel agile.
You closely miss the gnoll shaman. Your bite misses the gnoll shaman.
The gnoll shaman hits you with a +0 whip!
You die...
Your body crumbles into a pile of gold.

.........#...####
#............##
##..###.......#
#..#...#..#..##
..###..#..###..#.##
#......#.#.#.#....#
#...###.###...#
##.#.#.#)#.#..#
#.#..###@.#.##
#.#.#(#g#.# #
#..###[# #.. ....
#.#.# #.# .....[..#
#.. .# .##..... ..#
# ##... #.. .. .#


You could see a gnoll shaman.

Vanquished Creatures
  A two-headed ogre (D:7)
  A cyclops (D:6)
  Prince Ribbit (D:6)
  2 yaks
  A steam dragon (D:6)
  2 water moccasins
  An orc warrior (D:6)
  A black bear (D:6)
  2 sky beasts
  An ice beast (D:6)
  2 necrophages (D:5)
  4 centaurs
  2 bullfrogs (D:6)
  A gnoll sergeant (D:6)
  4 scorpions
  A wyvern skeleton (D:6)
  10 orc priests
  2 hounds (D:4)
  2 jellies
  Crazy Yiuf (D:2)
  A gnoll shaman (D:6)
  2 iguanas (D:5)
  Jessica (D:2)
  Ijyb (D:3)
  13 orc wizards
  Robin (D:2)
  9 gnolls
  7 adders
  2 white imps
  An ufetubus (D:7)
  An adder skeleton (D:4)
  2 dart slugs (D:3)
  24 orcs
  8 ball pythons
  7 bats
  7 endoplasms
  3 giant cockroaches
  11 goblins
  11 hobgoblins
  13 jackals
  4 kobolds
  6 quokkas
  7 frilled lizards
  5 rats
189 creatures vanquished.

Vanquished Creatures (others)
  An orc wizard (D:6)
1 creature vanquished.

Grand Total: 190 creatures vanquished

Notes
Turn   | Place    | Note
-------+----------+-------------------------------------------
     0 | D:5      | lunkers the Vampire Delver began the quest for the Orb.
     0 | D:5      | Reached XP level 1. HP: 17/17 MP: 1/1
     5 | D:5      | Noticed a necrophage
   127 | D:4      | Reached XP level 2. HP: 15/23 MP: 2/2
   184 | D:4      | Noticed a scorpion
   189 | D:4      | Killed a scorpion
   190 | D:4      | Reached skill level 8 in Stealth
   190 | D:4      | Gained mutation: You are afflicted with vampirism and can
                  | become a bat while bloodless. [Vampire growth]
   190 | D:4      | Reached XP level 3. HP: 28/28 MP: 3/3
   201 | D:4      | Reached XP level 4. HP: 34/34 MP: 4/4
   212 | D:4      | Found a glowing drain.
   288 | D:4      | Noticed a scorpion
   366 | Sewer    | Entered a sewer
   550 | Sewer    | Noticed a water moccasin
   667 | D:3      | Found Xointeade's Assorted Antiques.
   915 | D:2      | Noticed Jessica
   922 | D:2      | Killed Jessica
   923 | D:2      | Reached skill level 5 in Short Blades
   923 | D:2      | Reached XP level 5. HP: 39/39 MP: 5/5
  1870 | D:2      | Noticed Robin
  2220 | D:2      | Killed Robin
  2441 | D:2      | Found a runed translucent door.
  2442 | D:2      | Noticed Crazy Yiuf
  2546 | D:2      | Killed Crazy Yiuf
  2547 | D:2      | Reached skill level 9 in Stealth
  2740 | D:3      | Noticed Ijyb
  2756 | D:3      | Killed Ijyb
  2757 | D:3      | Reached XP level 6. HP: 31/46 MP: 6/6
  2761 | D:3      | Learned a level 3 spell: Tukima's Dance
  3246 | D:3      | Found a faded altar of an unknown god.
  3322 | D:4      | Reached skill level 1 in Hexes
  3983 | D:4      | Identified the +8 war axe of the Slime-mould {elec, rElec
                  | rCorr Stlth+}
  4246 | D:5      | Reached XP level 7. HP: 46/51 MP: 7/7
  4372 | D:5      | Reached skill level 5 in Hexes
  4391 | D:5      | Reached skill level 10 in Stealth
  4505 | D:5      | Reached XP level 8. HP: 18/57 MP: 8/8
  4820 | D:5      | Found a staircase to the Ecumenical Temple.
  4845 | D:5      | Reached skill level 1 in Axes
  4845 | D:5      | Reached skill level 11 in Stealth
  4846 | Temple   | Entered the Ecumenical Temple
  5069 | Temple   | Became a worshipper of Gozag Ym Sagoz the Greedy
  5648 | D:5      | Learned a level 4 spell: Cause Fear
  5923 | D:6      | Reached XP level 9. HP: 16/65 MP: 9/9
  6037 | D:6      | HP: 1/65 [gnoll (7)]
  6266 | D:6      | Reached skill level 12 in Stealth
  6472 | D:6      | Found a hide-covered altar of Uskayaw.
  6472 | D:6      | Noticed Prince Ribbit
  6485 | D:6      | Killed Prince Ribbit
  6486 | D:6      | Reached skill level 5 in Axes
  6763 | D:6      | Noticed a cyclops
  6779 | D:6      | Killed a cyclops
  6780 | D:6      | Reached skill level 5 in Dodging
  6919 | D:3      | Bought a scroll labelled YRIHATRATE for 27 gold pieces
  6919 | D:3      | Bought a scroll labelled YRIHATRATE for 27 gold pieces
  6919 | D:3      | Bought a scroll labelled LIOFYN MEIHATZ for 27 gold pieces
  6919 | D:3      | Bought 2 glowing sapphire potions for 48 gold pieces
  6919 | D:3      | Bought a cyan potion for 24 gold pieces
  7129 | D:7      | Reached skill level 5 in Fighting
  7356 | D:7      | Got the Catalogue of Blistering Feathers
  7544 | D:7      | Noticed a two-headed ogre
  7549 | D:7      | HP: 1/68 [two-headed ogre (28)]
  7550 | D:7      | Killed a two-headed ogre
  7551 | D:7      | Reached skill level 13 in Stealth
  7551 | D:7      | Reached XP level 10. HP: 2/74 MP: 10/10
  7551 | D:7      | Slain by a gnoll shaman

Illustrated notes

Levels and vault maps discovered:
D:1:      sevenhm_arrival_forest_fort_small_4, layout_basic,
          grunt_decor_mini_mirrors, serial_park_tiny_pond
D:2:      layout_rooms, uniq_crazy_yiuf_cottage, uniq_jessica, uniq_robin
D:3:      layout_basic, serial_shops, nicolae_shop_crystal,
          shapermc_ecumenical_altar_hornbeckon, interstate_on_off,
          minmay_cupped, uniq_ijyb
D:4:      layout_cave_pods, serial_rivers, chequers_serial_rivers_small_a,
          chequers_serial_rivers_marsh, chequers_serial_rivers_micro_c,
          chequers_serial_rivers_small_b, cheibrodos_sewer_entry_sluice
D:5:      layout_basic, minmay_temple_entry_hall,
          minmay_a_box_with_orc_wizards_in_it
D:6:      layout_cave_pools, lemuel_round_altar, minmay_three_doors,
          uniq_prince_ribbit1
D:7:      layout_cave_pools, hangedman_ru_absence, minmay_manual_mail
Temple:   eino_temple_scatter_basement

Skill      XL: |  1  2  3  4  5  6  7  8  9 |
---------------+----------------------------+-----
Short Blades   | 4 5 6 |  6.5
Stealth        | 8 9 10 11 13 | 13.0
Hexes          | 4 7 |  7.0
Axes           | 3 6 |  6.6
Fighting       | 3 5 |  5.4
Dodging        | 4 6 |  6.1

Action                   |  1- 3 |  4- 6 |  7- 9 | 10-12 || total
-------------------------+-------+-------+-------+-------++-------
Melee: Short sword       |    39 |   101 |       |       ||   140
       Bite              |     4 |    31 |    11 |       ||    46
       Rapier            |       |   106 |       |       ||   106
       Dagger            |       |    91 |    28 |       ||   119
       War axe           |       |     4 |   157 |     1 ||   162
  Use: Scroll            |       |     1 |    14 |       ||    15
 Stab: Sleeping          |     2 |    24 |    11 |       ||    37
       Distracted        |       |     1 |     3 |       ||     4
Armor: Leather armour    |    24 |    55 |    58 |       ||   137
Dodge: Dodged            |    36 |   228 |   191 |       ||   455

Table legend: (Time is in decaauts)
 A = Elapsed time spent in this place.
 B = Non-inter-level travel time spent in this place.
 C = Inter-level travel time spent in this place.
 D = Time resting spent in this place.
 E = Time spent auto-exploring this place.
 F = Levels seen in this place.
 G = Mean time per level.
                   A        B        C        D        E       F      G
               +--------+--------+--------+--------+--------+-----+--------+
         Total |   7588 |   7202 |    386 |    407 |   4924 |   9 |  843.1 |
       Dungeon |   7124 |   6747 |    377 |    314 |   4681 |   7 | 1017.7 |
        Temple |    232 |    223 |      9 |      0 |    196 |   1 |  232.0 |
         Sewer |    231 |    231 |      0 |     93 |     46 |   1 |  231.0 |
               +--------+--------+--------+--------+--------+-----+--------+

Top non-repeatable levels by time:
     D:5: 1469 daAuts
     D:4: 1367 daAuts
     D:6: 1162 daAuts
     D:3: 951 daAuts
     D:2: 898 daAuts
     D:1: 892 daAuts
     D:7: 382 daAuts
  Temple: 232 daAuts
   Sewer: 231 daAuts
